 Dungeon Crawl Stone Soup version 0.19.5 (webtiles) character file.

3205 Gargoyl the Covered (level 9, -4/75 HPs)
             Began as a Ghoul Abyssal Knight on Mar 11, 2017.
             Was a Believer of Lugonu.
             Slain by a hellwing (8 damage)
             ... on level 9 of the Dungeon.
             The game lasted 00:20:34 (8276 turns).

Gargoyl the Covered (Ghoul Abyssal Knight)          Turns: 8276, Time: 00:20:34

Health: -4/75      AC: 12    Str: 17    XL:     9   Next: 96%
Magic:  8/12       EV:  9    Int:  7    God:    Lugonu [**....]
Gold:   279        SH:  5    Dex: 19    Spells: 0 memorised, 8 levels left

rFire  . . .     SeeInvis .     a - +3 hand axe
rCold  + . .     Gourm    .     n - +0 chain mail
rNeg   + + +     Faith    .     p - +0 buckler
rPois  ∞         Spirit   .     d - +1 helmet
rElec  .         Reflect  .     (no cloak)
rCorr  .         Harm     .     (no gloves)
MR     .....                    (no boots)
Stlth  ..........               (no amulet)
                                i - +3 ring of dexterity
                                l - +6 ring of dexterity

@: rotting
A: rotting body, claws 1, carnivore 3, cold resistance 1, negative energy
resistance 3, slow regeneration 1, torment resistance, unbreathing
a: Depart the Abyss, Bend Space, Renounce Religion


You were on level 9 of the Dungeon.
You worshipped Lugonu.
Lugonu was pleased with you.
You were not hungry.

You visited 1 branch of the dungeon, and saw 9 of its levels.
You visited the Abyss 1 time.
You also visited: Ossuary.

You collected 279 gold pieces.

Inventory:

Hand Weapons
 a - a +3 hand axe (weapon)
Armour
 d - a +1 helmet (worn)
 n - a +0 chain mail (worn)
 p - a +0 buckler (worn)
Jewellery
 i - a +3 ring of dexterity (right claw)
 l - a +6 ring of dexterity (left claw)
 C - an uncursed ring of protection from cold
Wands
 s - a wand of disintegration (22/24)
Scrolls
 b - a scroll of amnesia
 f - a scroll of identify
 A - a scroll of magic mapping
 B - a scroll of remove curse
Potions
 t - 2 potions of magic
Comestibles
 c - 4 meat rations
 h - a slice of pizza
 u - a beef jerky


   Skills:
 + Level 6.1 Fighting
 + Level 6.8 Axes
 + Level 0.8 Throwing
 * Level 7.3 Armour
 + Level 3.4 Dodging
 + Level 2.0 Shields
 * Level 6.1 Invocations


You had 8 spell levels left.
You didn't know any spells.

Dungeon Overview and Level Annotations

Branches:
Dungeon (9/15)             Temple (0/1) D:6
   Lair: D:8-11         Orc: D:9-12

Altars:
Ashenzari
Dithmenos
Fedhas
Gozag
Nemelex Xobeh

Shops:
D:5 ((?   D:7 (


Innate Abilities, Weirdness & Mutations

Your body is rotting away.
You thrive on raw meat.
You are immune to poison.
You have sharp fingernails.
You are carnivorous and can eat meat at any time.
Your flesh is cold resistant. (rC+)
You are immune to negative energy. (rN+++)
You regenerate slowly when monsters are visible.
You are immune to unholy pain and torment.
You can survive without breathing.


Message History

* * * LOW HITPOINT WARNING * * *
Found 22 stones.
You start resting.
The hellwing swoops through the air toward you!
The hellwing hits you.
* * * LOW HITPOINT WARNING * * *
The hellwing hits you.
* * * LOW HITPOINT WARNING * * *
Space bends around you!
You blink.
* * * LOW HITPOINT WARNING * * *
The hellwing hits you.
* * * LOW HITPOINT WARNING * * *
The hellwing hits you but does no damage.
Space bends around you!
You blink.
* * * LOW HITPOINT WARNING * * *
The hellwing hits you but does no damage. x2
Space bends around you!
You blink.
* * * LOW HITPOINT WARNING * * *
The hellwing hits you!
You die...

#............(.#
#....#######...#
#.(..# #...#
#....# #4###
#....# #.#
#...<#######.#
#......§.....+
#......4.....#
#.....@......#
#............#
##############


You could see a hellwing.

Vanquished Creatures
  2 centaur skeletons (D:8)
  A hippogriff (D:8)
  A meliai zombie (D:8)
  A sky beast (D:8)
  An ice beast (D:5)
  A black bear (D:8)
  A centaur (D:6)
  2 bullfrogs
  A wyvern skeleton (D:8)
  A scorpion (D:4)
  A water moccasin skeleton (D:8)
  6 killer bees
  A crimson imp (D:8)
  A bullfrog zombie (D:7)
  A quasit (D:8)
  A bullfrog skeleton (D:8)
  A hound (D:6)
  A jelly (D:4)
  6 orc wizards
  4 worker ants
  A big kobold zombie (Ossuary)
  A mummy (Ossuary)
  8 adders
  4 gnolls (D:5)
  3 shadow imps
  2 oozes
  An adder zombie (D:6)
  An adder skeleton (D:4)
  3 worms
  3 dart slugs
  2 leopard geckos
  17 orcs
  A ball python (D:2)
  3 giant cockroaches
  6 goblins
  9 hobgoblins
  6 jackals
  2 quokkas
  7 bats
  3 frilled lizards
  4 gnoll zombies (Ossuary)
  3 hobgoblin zombies (Ossuary)
  10 kobolds
  An orc zombie (Ossuary)
  6 rats
142 creatures vanquished.

Vanquished Creatures (others)
  2 hill giants
  A hellwing (D:8)
  An ogre (D:8)
  A bullfrog (D:8)
  2 killer bees (D:8)
  2 crimson imps
  A hound (D:8)
  A worker ant (D:8)
  A gnoll (D:8)
  A giant cockroach (D:8)
  2 starspawn tentacles (Abyss:1)
  A withered plant (D:8)
16 creatures vanquished.

Grand Total: 158 creatures vanquished

Notes
Turn   | Place    | Note
-------+----------+-------------------------------------------
     0 | Abyss:1  | Gargoyl the Ghoul Abyssal Knight began the quest for the Orb.
     0 | Abyss:1  | Reached XP level 1. HP: 19/19 MP: 1/1
    74 | Abyss:1  | Noticed a tentacled starspawn
    83 | D:1      | Escaped the Abyss
   217 | D:1      | Reached skill level 2 in Armour
   220 | D:1      | Reached XP level 2. HP: 21/27 MP: 2/2
   313 | D:1      | Reached * piety under Lugonu
   319 | D:1      | Reached skill level 1 in Dodging
   686 | D:1      | Reached XP level 3. HP: 33/33 MP: 3/3
  1377 | D:2      | Reached ** piety under Lugonu
  1461 | D:2      | Reached XP level 4. HP: 38/40 MP: 4/4
  2143 | D:3      | Reached XP level 5. HP: 31/46 MP: 6/6
  2161 | D:3      | Found a shattered altar of Ashenzari.
  2820 | D:4      | Found a sand-covered staircase.
  2829 | Ossuary  | Entered an ossuary
  2921 | Ossuary  | Reached skill level 3 in Armour
  3344 | D:4      | Found a shadowy altar of Dithmenos.
  3586 | D:4      | Reached XP level 6. HP: 52/52 MP: 7/7
  3724 | D:4      | Found a sparkling altar of Nemelex Xobeh.
  3884 | D:5      | Entered Level 5 of the Dungeon
  3884 | D:5      | Found Sietunuf's Weapon Shop.
  3884 | D:5      | Noticed a hill giant
  4040 | D:5      | Reached *** piety under Lugonu
  4067 | D:5      | Found Binaif's Magic Scroll Shop.
  4099 | D:5      | Noticed an ice beast
  4107 | D:5      | Reached XP level 7. HP: 51/60 MP: 8/8
  4808 | D:5      | Banished a hill giant
  4808 | D:5      | Reached skill level 5 in Fighting
  4808 | D:5      | Reached skill level 4 in Armour
  5010 | D:5      | Found Tuelyfel's Weapon Boutique.
  5222 | D:6      | Reached XP level 8. HP: 29/68 MP: 10/10
  5429 | D:6      | Reached skill level 5 in Axes
  5534 | D:6      | Found an opulent altar of Gozag.
  5634 | D:6      | Found a staircase to the Ecumenical Temple.
  6063 | D:7      | Found Qich's Weapon Emporium.
  6396 | D:7      | Found a blossoming altar of Fedhas.
  6859 | D:7      | Reached skill level 5 in Armour
  7226 | D:8      | Noticed a hill giant
  7432 | D:8      | Banished a hill giant
  7432 | D:8      | Reached skill level 6 in Armour
  7432 | D:8      | Reached skill level 1 in Shields
  7432 | D:8      | Reached skill level 5 in Invocations
  7432 | D:8      | Reached XP level 9. HP: 35/74 MP: 11/11
  7482 | D:8      | HP: 2/74 [killer bee (5)]
  7573 | D:8      | Noticed a hellwing
  7578 | D:8      | Noticed a hellwing
  7731 | D:8      | HP: 2/74 [bullfrog skeleton (4)]
  8098 | D:8      | Banished a hellwing
  8100 | D:8      | Reached skill level 7 in Armour
  8276 | D:9      | Slain by a hellwing

Skill      XL: |  1  2  3  4  5  6  7  8  9 |
---------------+----------------------------+-----
Armour         | 2 3 4 6 7 |  7.3
Dodging        | 1 2 3 |  3.4
Axes           | 2 3 4 5 6 |  6.8
Fighting       | 4 5 6 |  6.1
Invocations    | 3 4 5 6 |  6.1
Shields        | 1 2 |  2.0
Throwing       | |  0.8

Action                   |  1- 3 |  4- 6 |  7- 9 || total
-------------------------+-------+-------+-------++-------
Melee: Hand axe          |   129 |   236 |   389 ||   754
Throw: Tomahawk          |       |       |    10 ||    10
Invok: Depart the Abyss  |     1 |       |       ||     1
       Banish            |       |       |     6 ||     6
       Bend Space        |       |       |     8 ||     8
Evoke: Wand              |       |       |     1 ||     1
  Use: Scroll            |     4 |     3 |    10 ||    17
       Potion            |       |       |    12 ||    12
  Eat: Chunk             |    17 |    28 |    25 ||    70
Armor: Leather armour    |    62 |    89 |       ||   151
       Scale mail        |       |    24 |    27 ||    51
       Chain mail        |       |       |   362 ||   362
Dodge: Dodged            |    88 |   140 |   248 ||   476
Block: Buckler           |       |    10 |   131 ||   141
